 Dungeon Crawl Stone Soup version 0.29-a0-222-g5b244fca1f (webtiles) character file.

Game seed: 6489144517237525085

82785 Moonsky the Severer (level 15, -32/155 HPs)
             Began as a Minotaur Berserker on Feb 27, 2022.
             Was a Follower of Trog.
             Killed from afar by Elaxoek's ghost (63 damage)
             ... with an iron shot
             ... on level 2 of the Depths.
             The game lasted 01:41:26 (31086 turns).

Moonsky the Severer (Minotaur Berserker)           Turns: 31086, Time: 01:41:26

Health: -32/155    AC: 30    Str: 33    XL:     15   Next: 30%
Magic:  0/14       EV: 15    Int:  4    God:    Trog [*.....]
Gold:   1132       SH:  0    Dex: 16    Spells: 14/14 levels left

rFire   + + .      SeeInvis .   o - +2 executioner's axe (flame)
rCold   + . .      Faith    .   (shield currently unavailable)
rNeg    . . .      Spirit   +   b - +8 plate armour of Hairiness {Str+2}
rPois   .          Reflect  .   (helmet restricted)
rElec   +          Harm     .   m - scarf {rC+ rF+}
rCorr   +          Rampage  .   D - +0 pair of gloves
Will    ++...                   A - +2 pair of boots
Stlth   ..........              w - amulet of guardian spirit
HPRegen 0.35/turn               M - ring "Zeyl" {*Slow rElec rF+ Will+ rCorr}
MPRegen 0.14/turn               z - +6 ring of dexterity

@: mighty, on berserk cooldown, hasted and slowed
A: horns 2, retaliatory headbutt, hooves 1, robust 1, strong 1
a: Renounce Religion, Berserk


You were on level 2 of the Depths.
You worshipped Trog.
Trog was aware of your devotion.
You visited 4 branches of the dungeon, and saw 19 of its levels.

You collected 1132 gold pieces.

Inventory:

Hand Weapons
 j - a +3 battleaxe of protection
 o - a +2 executioner's axe of flaming (weapon)
Armour
 b - the +8 plate armour of Hairiness (worn) {Str+2}
   (You acquired it on level 2 of the Dungeon)

   Str:       It affects your strength (+2).
 m - a scarf of resistance (worn)
 q - a +2 kite shield
 A - a +2 pair of boots (worn)
 D - a +0 pair of gloves (worn)
Jewellery
 h - a +4 ring of protection
 w - an amulet of guardian spirit (around neck)
 z - a +6 ring of dexterity (right hand)
 M - the ring "Zeyl" (left hand) {*Slow rElec rF+ Will+ rCorr}
   (You found it on level 11 of the Dungeon)

   [ring of protection from fire]

   rF:        It protects you from fire.
   rElec:     It insulates you from electricity.
   rCorr:     It protects you from acid and corrosion.
   *Slow:     It may slow you when you take damage.
   Will:      It increases your willpower.
Wands
 k - a wand of mindburst (5)
 r - a wand of charming (11)
 v - a wand of iceblast (6) (quivered)
 B - a wand of paralysis (14)
 E - a wand of acid (4)
 F - a wand of digging (2)
 G - a wand of polymorph (3)
 J - a wand of flame (18)
Scrolls
 a - a scroll of enchant armour
 l - 2 scrolls of magic mapping
 t - 6 scrolls of teleportation
 y - 10 scrolls of identify
 L - 2 scrolls of blinking
Potions
 c - 9 potions of curing
 d - 4 potions of lignification
 f - a potion of ambrosia
 g - 4 potions of cancellation
 i - a potion of haste
 n - a potion of resistance
 p - 2 potions of attraction
 s - 5 potions of flight
 C - 3 potions of heal wounds
 I - 2 potions of invisibility
 K - 2 potions of berserk rage
Miscellaneous
 u - a piece from Xom's chessboard (15/15)


   Skills:
 + Level 15.2 Fighting
 * Level 20.6 Axes
 + Level 15.0 Armour
 + Level 13.8 Dodging


You had 14 spell levels left.
You didn't know any spells.
Your spell library contained the following spells:

 Spells                   Type           Power      Damage    Failure   Level
 Corpse Rot               Necr/Air       0%         N/A       99%         2
 Poisonous Vapours        Pois/Air       0%         N/A       99%         2
 Gell's Gravitas          Tloc           0%         N/A       100%        3
 Teleport Other           Tloc           0%         N/A       100%        3
 Airstrike                Air            0%         N/A       100%        4
 Petrify                  Tmut/Erth      0%         N/A       100%        4
 Summon Lightning Spire   Summ/Air       0%         N/A       100%        4
 Lightning Bolt           Conj/Air       0%         1d11      100%        5
 Metabolic Englaciation   Hex/Ice        0%         N/A       100%        5
 Dispersal                Tloc           0%         N/A       100%        6
 Statue Form              Tmut/Erth      0%         N/A       100%        6


Dungeon Overview and Level Annotations

Branches:
Dungeon (15/15)            Temple (1/1) D:5            Lair (1/6) D:8
    Orc (0/2) D:10         Vaults (0/5) D:13         Depths (2/4) D:15

Altars:
Ashenzari
Cheibriados
Dithmenos
Elyvilon
Fedhas
Gozag
Hepliaklqana
Kikubaaqudgha
Makhleb
Nemelex Xobeh
Okawaru
Qazlal
Ru
Sif Muna
Trog
Uskayaw
Vehumet
Wu Jian
Xom
Yredelemnul
Zin
The Shining One

Shops:
D:3 *   D:6 *   D:11 !**   D:15 :   Depths:1 ::=

Portals:
Hell: Depths:1 Depths:2
Abyss: Depths:1
Pandemonium: Depths:1 Depths:2
Ziggurat: Depths:1
Bailey: D:7

Annotations:
Depths:2 Elaxoek's ghost, legendary DjFE; Tadecekk's ghost, veteran GrSu; Teittuo's ghost, adept FeFi; Zucuh's ghost, adept DrGl


Innate Abilities, Weirdness & Mutations

You have a pair of horns on your head.
You reflexively headbutt those who attack you in melee.
You have large cloven feet.
You are robust. (+10% HP)
Your muscles are strong. (Str +2)


Message History

The shadow imp hits you but does no damage.
Teittuo's ghost dodges and says, "Too slow!"
Teittuo's ghost stares at you and mumbles some strange words.
The ball explodes into a vile cloud!
The stinking cloud engulfs you but does no damage.
The stinking cloud engulfs Teittuo's ghost but does no damage.
The stinking cloud engulfs Elaxoek's ghost but does no damage.
The stinking cloud engulfs the shadow imp but does no damage.
The stinking cloud engulfs Zucuh's ghost but does no damage.
The stinking cloud engulfs the ice beast but does no damage.
The ice beast hits you but does no damage.
Elaxoek's ghost hits you but does no damage.
Teittuo's ghost hits you but does no damage.
The ice beast hits you but does no damage.
Tadecekk's ghost gestures wildly while chanting.
Elaxoek's ghost gestures at you while chanting.
The iron shot hits you!!!!
* * * LOW HITPOINT WARNING * * *
The shadow imp hits you but does no damage.
Teittuo's ghost casts a spell.
Teittuo's ghost blinks!
Your extra speed is starting to run out.
The ice beast hits you but does no damage.
Elaxoek's ghost hits you but does no damage.
Zucuh's ghost hits you but does no damage.
Teittuo's ghost stares at you and mumbles some strange words.
The ball explodes into a vile cloud!
The stinking cloud engulfs you but does no damage.
The stinking cloud engulfs Teittuo's ghost but does no damage.
The stinking cloud engulfs Elaxoek's ghost but does no damage.
The stinking cloud engulfs Zucuh's ghost but does no damage.
The stinking cloud engulfs Tadecekk's ghost but does no damage.
The stinking cloud engulfs the ice beast but does no damage.
You turn to flesh and can move again.
As you read the scroll of magic mapping, it crumbles to dust.
You feel aware of your surroundings.
You are engulfed in noxious fumes.
The ice beast hits you but does no damage.
Elaxoek's ghost casts a spell at you. The iron shot hits you!!!
You die...

##### ####...#.#,**,**
##...# #......#.#*,**,,
###....###.....[##.**,***
#.....###........##,**,,*
#..≈.###...≈^.....##,***,
##.≈≈......≈..#..§..##,,**
#..≈≈≈....Y...#......###,,
#..≈≈≈≈..WWY...........###
##.......@W5.......§......
###.#..W○Y5.......§......
####.....>.............
##..#..#..............
###...##.#..####'''####.
###........#..#$........#.
#.........###.#8.......8#.
#.###.....##..#}.......}#.
#.#⌠#...###...#[.......$#.


You could see 3 ice beasts, an iron imp (summoned), Elaxoek's ghost, Tadecekk's
ghost (swift), Teittuo's ghost, Zucuh's ghost and a shadow imp (summoned).

Vanquished Creatures
  A bone dragon (Depths:2)
  Rupert (D:15)
  A sphinx (D:15)
  A storm dragon (Depths:2)
  Kirke (D:14)
  3 fire giants
  Louise (D:15)
  A frost giant (Depths:2)
  A stone giant (Depths:1)
  A vampire knight (Depths:1)
  A blizzard demon (Depths:2)
  An ettin (Depths:1)
  Josephine (D:15)
  2 great orbs of eyes
  A fire dragon (Depths:1)
  A yaktaur captain (D:12)
  4 rakshasas
  An ice dragon (Depths:1)
  4 hydras
  5 boulder beetles
  A catoblepas (D:15)
  2 hell beasts (Depths:2)
  A death knight (D:14)
  8 centaur warriors
  3 tengu warriors
  4 two-headed ogres
  3 deep troll earth magi (Depths:1)
  Urug (D:13)
  5 spriggan berserkers
  A spriggan (Depths:1)
  6 skeletal warriors (D:13)
  A sixfirhy (Depths:1)
  2 iron trolls
  A fire crab (D:14)
  5 deep trolls (Depths:1)
  A glowing orange brain (Depths:2)
  A wizard (D:14)
  An orc knight (D:15)
  A deep elf zephyrmancer (D:14)
  2 deep elf pyromancers
  15 ugly things
  6 cyclopes
  5 manticores
  A black mamba (shapeshifter) (D:13)
  An ice statue (D:10)
  3 gargoyles
  2 cane toads (Lair:1)
  A cane toad (shapeshifter) (D:14)
  A kobold demonologist (D:13)
  2 komodo dragons
  2 yaktaurs (D:13)
  An efreet (D:15)
  3 meliai (D:15)
  4 trolls
  A polar bear (shapeshifter) (D:12)
  3 blink frogs (Lair:1)
  2 hornets
  A hornet (shapeshifter) (D:14)
  5 slime creatures (D:12)
  4 water elementals (Depths:2)
  2 wyverns
  A centaur simulacrum (D:14)
  Sigmund (D:2)
  2 shadows
  A vampire (D:11)
  4 wraiths
  23 yaks
  3 hogs (D:14)
  2 vampire mosquitoes (D:12)
  A warg (D:15)
  An acid dragon (D:14)
  4 water moccasins
  A sky beast (D:7)
  3 orc warriors
  2 ice beasts (D:6)
  4 black bears
  2 necrophages (D:6)
  5 ogres
  4 wolves (Lair:1)
  16 centaurs
  A phantom (D:7)
  7 bullfrogs
  A gnoll sergeant (D:11)
  3 kobold brigands
  3 scorpions
  3 killer bees (D:7)
  An electric eel (Lair:1)
  5 wights (D:6)
  8 howler monkeys
  2 hounds
  A jelly (D:6)
  12 orc priests
  12 orc wizards
  Natasha (thrice) (D:2)
  2 iguanas
  6 gnolls
  4 adders
  A white imp (D:7)
  A worm (D:2)
  7 dart slugs
  28 orcs
  6 ball pythons
  10 endoplasms
  A giant cockroach (D:1)
  12 goblins
  3 hobgoblins
  4 jackals (D:2)
  5 quokkas
  6 bats
  4 frilled lizards
  18 kobolds
  A rat (D:1)
  3 bushes (D:14)
412 creatures vanquished.

Vanquished Creatures (others)
  The ghost of Nigaic the Wrestler, a veteran VSFi of Gozag (Depths:2)
  4 fungi
  16 plants
21 creatures vanquished.

Grand Total: 433 creatures vanquished

Notes
Turn   | Place    | Note
-------+----------+-------------------------------------------
     0 | D:1      | Moonsky the Minotaur Berserker began the quest for the Orb.
     0 | D:1      | Reached XP level 1. HP: 19/19 MP: 0/0
   324 | D:1      | Reached XP level 2. HP: 20/27 MP: 1/1
   409 | D:1      | Reached skill level 4 in Axes
   546 | D:1      | Found a faded altar of an unknown god.
  1144 | D:1      | Reached XP level 3. HP: 29/32 MP: 2/2
  1240 | D:2      | Noticed Sigmund
  1252 | D:2      | Killed Sigmund
  1253 | D:2      | Reached skill level 5 in Axes
  1253 | D:2      | Reached XP level 4. HP: 41/41 MP: 3/3
  1253 | D:2      | Reached XP level 5. HP: 47/47 MP: 4/4
  1416 | D:2      | Noticed Natasha
  1429 | D:3      | Reached ** piety under Trog
  1461 | D:2      | Killed Natasha
  1513 | D:2      | Found a broken altar of Ashenzari.
  1639 | D:2      | Noticed Natasha
  1655 | D:2      | Killed Natasha
  1656 | D:2      | Reached XP level 6. HP: 55/55 MP: 5/5
  1965 | D:2      | Reached skill level 6 in Axes
  2010 | D:2      | Noticed Natasha
  2019 | D:2      | Killed Natasha
  2597 | D:2      | Identified a scroll of acquirement
  2597 | D:2      | Acquired the +8 plate armour of Hairiness {Str+2}
  2627 | D:2      | Gained mutation: Potions are less effective at restoring
                  | your health. [potion of mutation]
  2627 | D:2      | Gained mutation: You are partially covered in iridescent
                  | scales. (AC +2) [potion of mutation]
  2627 | D:2      | Gained mutation: You have large cloven feet. [potion of
                  | mutation]
  2628 | D:2      | Lost mutation: You are partially covered in iridescent
                  | scales. (AC +2) [potion of mutation]
  2628 | D:2      | Lost mutation: Potions are less effective at restoring your
                  | health. [potion of mutation]
  2628 | D:2      | Gained mutation: You are robust. (+10% HP) [potion of
                  | mutation]
  2628 | D:2      | Gained mutation: Your muscles are strong. (Str +2) [potion
                  | of mutation]
  2733 | D:3      | You fall into a shaft and drop 3 floors!
  2734 | D:6      | Noticed an ice beast
  2741 | D:6      | Killed an ice beast
  2742 | D:6      | Reached skill level 5 in Fighting
  2844 | D:6      | Reached XP level 7. HP: 67/67 MP: 6/6
  2849 | D:6      | Reached skill level 7 in Axes
  2855 | D:6      | Found a white marble altar of Elyvilon.
  3206 | D:6      | Reached skill level 5 in Armour
  3464 | D:6      | Found Fustexko's Elemental Accessories.
  3653 | D:6      | Reached skill level 8 in Axes
  3653 | D:6      | Reached skill level 5 in Dodging
  3653 | D:6      | Reached XP level 8. HP: 77/77 MP: 7/7
  4510 | D:5      | Entered Level 5 of the Dungeon
  4553 | D:5      | Found a shimmering blue altar of Sif Muna.
  4611 | D:5      | Reached skill level 9 in Axes
  4684 | D:5      | Found a staircase to the Ecumenical Temple.
  5418 | Temple   | Entered the Ecumenical Temple
  5759 | D:4      | Found a basalt altar of Yredelemnul.
  5880 | D:4      | Found a snail-covered altar of Cheibriados.
  5926 | D:4      | Found a glowing golden altar of the Shining One.
  6315 | D:3      | Found Perats's General Store.
  6422 | D:3      | Found a sacrificial altar of Ru.
  6664 | D:7      | Acquired a +0 vorpal executioner's axe
  6761 | D:7      | Reached XP level 9. HP: 86/86 MP: 8/8
  6903 | D:7      | Reached skill level 10 in Axes
  6944 | D:7      | Found a flagged portal.
  7276 | D:8      | Found a sparkling altar of Nemelex Xobeh.
  7323 | D:8      | Found a broken altar of Ashenzari.
  7560 | D:8      | Found a staircase to the Lair.
  7787 | D:8      | Found an opulent altar of Gozag.
  8463 | Lair:1   | Entered Level 1 of the Lair of Beasts
  8522 | Lair:1   | Reached skill level 11 in Axes
  8588 | Lair:1   | Reached XP level 10. HP: 56/99 MP: 5/9
  8816 | Lair:1   | Noticed a seven-headed hydra
  8831 | Lair:1   | Killed an eight-headed hydra
  8832 | Lair:1   | Reached skill level 12 in Axes
  8986 | Lair:1   | Noticed a cane toad
  8998 | Lair:1   | Killed a cane toad
  9287 | Lair:1   | Noticed a cane toad
  9292 | Lair:1   | Killed a cane toad
  9436 | Lair:1   | Reached skill level 13 in Axes
  9834 | D:9      | Reached XP level 11. HP: 108/108 MP: 10/10
 10226 | D:9      | Reached skill level 10 in Fighting
 10457 | D:9      | Noticed a two-headed ogre
 10469 | D:9      | Killed a two-headed ogre
 11304 | D:10     | Entered Level 10 of the Dungeon
 11443 | D:10     | Found a staircase to the Orcish Mines.
 11657 | D:10     | Paralysed by a hornet for 3 turns
 12156 | D:10     | Reached skill level 10 in Armour
 12174 | D:10     | Identified the +0 long sword of Articulation {flame, Drain
                  | rF++ rN++}
 12281 | D:10     | Found a blossoming altar of Fedhas.
 12450 | D:10     | Found an ornate altar of the Wu Jian Council.
 12654 | D:10     | Found a faded altar of an unknown god.
 12657 | D:10     | Found a faded altar of an unknown god.
 12664 | D:10     | Found a hazy altar of Hepliaklqana.
 12856 | D:11     | Reached skill level 14 in Axes
 13110 | D:11     | Found Ohuex's General Store.
 13774 | D:11     | Found Icao's Pet Rocks.
 14180 | D:11     | Identified the ring "Zeyl" {*Slow rElec rF+ Will+ rCorr}
 14226 | D:11     | Found Zoma's Distillery.
 15260 | D:12     | Noticed a deep elf pyromancer
 15267 | D:12     | Killed a deep elf pyromancer
 15268 | D:12     | Reached skill level 15 in Axes
 15720 | D:12     | Reached XP level 12. HP: 121/121 MP: 11/11
 15721 | D:12     | Reached skill level 10 in Dodging
 16948 | D:13     | Found a gate to the Vaults.
 16952 | D:13     | Noticed Urug
 16954 | D:13     | Noticed a yaktaur captain
 17503 | D:12     | Killed a yaktaur captain
 18233 | D:13     | Noticed a tengu warrior
 18234 | D:13     | Killed Urug
 18668 | D:13     | Killed a tengu warrior
 18669 | D:13     | Reached skill level 16 in Axes
 19667 | D:13     | Noticed a centaur warrior
 19668 | D:13     | Noticed a boulder beetle
 19677 | D:13     | Killed a centaur warrior
 19692 | D:13     | Killed a boulder beetle
 19809 | D:13     | Reached XP level 13. HP: 115/130 MP: 9/12
 20543 | D:14     | Noticed Kirke
 20552 | D:14     | Reached skill level 17 in Axes
 20555 | D:14     | Killed Kirke
 21764 | D:14     | Reached skill level 18 in Axes
 22461 | D:14     | Identified the +5 rapier of the Turnip {flame, Contam rF++}
 23583 | D:15     | Entered Level 15 of the Dungeon
 23926 | D:15     | Noticed Josephine
 23933 | D:15     | Killed Josephine
 23934 | D:15     | Reached XP level 14. HP: 141/143 MP: 13/13
 24332 | D:15     | Found a staircase to the Depths.
 24332 | D:15     | Noticed a fire giant
 24356 | D:15     | Killed a fire giant
 24363 | D:15     | Noticed a sphinx
 24373 | D:15     | Killed a sphinx
 24977 | D:15     | Found Gelaroh's Self-Improvement Boutique.
 25001 | D:15     | Noticed Rupert
 25013 | D:15     | Killed Rupert
 25060 | D:15     | Noticed Louise
 25078 | D:15     | Killed Louise
 25079 | D:15     | Reached skill level 19 in Axes
 26001 | Depths:1 | Entered Level 1 of the Depths
 26027 | Depths:1 | Found a one-way gateway to a ziggurat.
 26029 | Depths:1 | Noticed a stone giant
 26049 | Depths:1 | Killed a stone giant
 26407 | Depths:1 | Found a one-way gate to the infinite horrors of the Abyss.
 26977 | Depths:1 | Found a one-way gate leading to the halls of Pandemonium.
 27046 | Depths:1 | Noticed a vampire knight
 27054 | Depths:1 | Killed a vampire knight
 27784 | Depths:1 | Found a gateway to Hell.
 27856 | Depths:1 | Found a shadowy altar of Dithmenos.
 28123 | Depths:1 | Reached skill level 20 in Axes
 28700 | Depths:1 | Reached XP level 15. HP: 106/152 MP: 10/14
 29117 | Depths:1 | Found Errak's Book Shoppe.
 29120 | Depths:1 | Found Donubi's Jewellery Shop.
 29121 | Depths:1 | Found Juata's Book Shoppe.
 29724 | Depths:2 | Noticed a fire giant
 29729 | Depths:2 | Noticed a fire giant
 29734 | Depths:2 | Killed a fire giant
 29738 | Depths:2 | Killed a fire giant
 29743 | Depths:2 | Noticed a frost giant
 29753 | Depths:2 | Reached skill level 15 in Fighting
 29918 | Depths:2 | Noticed a frost giant
 29927 | Depths:2 | Killed a frost giant
 30280 | Depths:2 | Noticed a storm dragon
 30294 | Depths:2 | Killed a storm dragon
 30733 | Depths:2 | Noticed a bone dragon
 30748 | Depths:2 | Killed a bone dragon
 30749 | Depths:2 | Reached skill level 15 in Armour
 30799 | Depths:2 | Identified the +9 flail "Nuipuz" {vorpal, rPois Str+2
                  | Stlth+}
 30882 | Depths:2 | Found a runed translucent gate.
 30882 | Depths:2 | Found a runed translucent gate.
 30882 | Depths:2 | Found a runed translucent gate.
 30945 | Depths:2 | Noticed Tadecekk's ghost (veteran GrSu)
 30945 | Depths:2 | Noticed Nigaic's ghost (veteran VSFi)
 30947 | Depths:2 | Noticed Zucuh's ghost (adept DrGl)
 30947 | Depths:2 | Noticed Teittuo's ghost (adept FeFi)
 30947 | Depths:2 | Noticed Elaxoek's ghost (legendary DjFE)
 31068 | Depths:2 | Killed Nigaic's ghost
 31086 | Depths:2 | Killed from afar by Elaxoek's ghost

Illustrated notes

Levels and vault maps discovered:
D:1:      elethiomel_arrival_infinity_welcomes_careful_drivers, layout_rooms,
          shapermc_ecumenical_altar_ellora, minmay_pentomino_t4
D:2:      layout_basic, basic_altar, lemuel_old_faithful, uniq_natasha,
          uniq_sigmund
D:3:      layout_basic, nicolae_overflow_crystal_walls, serial_shops,
          nicolae_lakefront_shop, chequers_serial_rivers_small_a
D:4:      layout_basic, kennysheep_slug_shrine, mainiacjoe_overflow_alcove_2,
          kennysheep_little_box
D:5:      layout_rooms, mainiacjoe_overflow_small_starburst,
          minmay_temple_entry_gardened_gates
D:6:      layout_loops_corners, elyvilon_altar_1, nicolae_elemental_shop
D:7:      layout_rooms, enter_bailey_7
D:8:      layout_basic, old_standard_altar, nemelex_spade_bored_becter,
          mainiacjoe_overflow_chevrons, dpeg_oklobed_lair
D:9:      layout_loops_ring, serial_co_window_serial, co_window_paths_b,
          co_window_paths_b, co_window_corner_a, co_window_of_opportunity_a,
          co_window_of_opportunity_a, co_window_corner_b, co_window_cross_4,
          co_window_broadway_b, co_window_2corner, co_window_paths_d,
          glass_columns_a
D:10:     lemuel_ice_statue, layout_basic, nicolae_wu_jian_immortal_techniques,
          fedhas_ov_isle_minmay, nicolae_hepliaklqana_ecumenical_no_more,
          orc_0_dummy
D:11:     layout_stronghold, serial_shops, nicolae_stop_n_shop_2, shop,
          guppyfry_shop_earth
D:12:     layout_basic
D:13:     minmay_distorted_concentric_squares, layout_cave_pools,
          david_vaults_2, uniq_urug
D:14:     cheibrodos_ideogram_h, layout_grid_maze, serial_park_tiny_2,
          uniq_kirke
D:15:     grunt_enter_depths_giant_problem, layout_loops_ring,
          nicolae_shop_self_help, uniq_louise, uniq_josephine, uniq_rupert
Temple:   dpeg_chambers_temple
Lair:1:   layout_regular_city, lightli_volcano_entry_magma_tube,
          lemuel_fruit_fields, serial_bayou_shore_a
Depths:1: layout_basic, enter_ziggurat_a, abyss_entry, grunt_decor_fettered,
          hell_entry, rand_demon_pan_entry_9, moated_statue,
          hellmonk_bongcloud_opening, nicolae_dithmenos_through_a_glass_darkly,
          minmay_shop_grove
Depths:2: grunt_deathspiral_small, layout_cave_pools, serial_glass,
          glass_columns_a, glass_columns_a, item_on_display_a,
          minmay_strange_pillars, feat_on_display, gammafunk_ghost_cemetery,
          grunt_mini_vestibule, pan_entry, serial_bayou_shore_b

Skill      XL: |  1  2  3  4  5  6  7  8  9 10 11 12 13 14 15 |
---------------+----------------------------------------------+-----
Axes           | 4 5 6 8 9 11 13 15 16 18 20 | 20.6
Fighting       | 4 5 6 7 8 9 11 12 13 14 15 | 15.2
Armour         | 3 4 5 6 8 9 10 12 13 14 15 | 15.0
Dodging        | 3 4 5 6 7 8 9 11 12 13 | 13.8

Action                   |  1- 3 |  4- 6 |  7- 9 | 10-12 | 13-15 || total
-------------------------+-------+-------+-------+-------+-------++-------
Melee: Hand axe          |    56 |    83 |    16 |       |       ||   155
       Headbutt          |     5 |    16 |    30 |    63 |    98 ||   212
       Battleaxe         |       |       |    88 |       |       ||    88
       Kick              |       |       |    41 |    41 |       ||    82
       Executioner's axe |       |       |    96 |   294 |   428 ||   818
Throw: Stone             |     1 |     6 |       |       |       ||     7
Invok: Berserk           |     1 |     6 |    13 |    27 |    23 ||    70
       Trog's Hand       |       |     1 |     9 |    11 |    17 ||    38
Evoke: Wand              |       |       |     2 |     1 |    12 ||    15
       Piece from Xom's  |       |       |       |       |     2 ||     2
  Use: Scroll            |       |    10 |    13 |    10 |     9 ||    42
       Potion            |       |     2 |       |       |     4 ||     6
Armor: Chain mail        |    27 |    25 |       |       |       ||    52
       Animal skin       |     1 |       |       |       |       ||     1
       Plate armour      |       |    13 |   151 |   185 |   328 ||   677
Dodge: Dodged            |    20 |    36 |   112 |   179 |   238 ||   585

Table legend: (Time is in decaauts)
 A = Elapsed time spent in this place.
 B = Non-inter-level travel time spent in this place.
 C = Inter-level travel time spent in this place.
 D = Time resting spent in this place.
 E = Time spent auto-exploring this place.
 F = Levels seen in this place.
 G = Mean time per level.
                   A        B        C        D        E       F      G
               +--------+--------+--------+--------+--------+-----+--------+
         Total |  31830 |  31009 |    821 |  14987 |   9711 |  19 | 1675.3 |
       Dungeon |  25203 |  24549 |    654 |  11667 |   8059 |  15 | 1680.2 |
        Temple |    243 |    243 |      0 |      0 |    211 |   1 |  243.0 |
          Lair |   1242 |   1210 |     32 |    198 |    740 |   1 | 1242.0 |
        Depths |   5140 |   5005 |    135 |   3121 |    701 |   2 | 2570.0 |
               +--------+--------+--------+--------+--------+-----+--------+

Top non-repeatable levels by time:
    D:12: 3872 daAuts
Depths:1: 3732 daAuts
    D:14: 3396 daAuts
    D:15: 2473 daAuts
    D:11: 1979 daAuts
     D:6: 1913 daAuts
    D:13: 1832 daAuts
     D:9: 1679 daAuts
    D:10: 1483 daAuts
     D:2: 1472 daAuts
Depths:2: 1408 daAuts
     D:8: 1251 daAuts
     D:1: 1245 daAuts
  Lair:1: 1242 daAuts
     D:5: 997 daAuts
